Map: Glittering Ashes LE

Players

Pumba - Winner!

  • Race: Protoss Protoss
  • League: Silver
  • Spawn Location: 1:00

Shadow

  • Race: Protoss Protoss
  • League: Gold
  • Spawn Location: 7:00

VOD

Have the link to the VOD?

Description

Time

  • Played on: Feb. 1, 2022, 4:46 p.m.
  • Length: 9:39
Show
View Real Time Build Order
Export as new Build Order

Pumba Protoss - Winner!

Build Orders: Zealot Archon 

Get SALT Encoding   

  12  0:01  Probe  
  13  0:13  Probe  
  14  0:20  Pylon  
  14  0:25  Probe  
  15  0:38  Probe (Chrono Boost), Gateway  
  16  0:49  Probe (Chrono Boost), Assimilator  
  17  0:53  Probe (Chrono Boost)  
  18  1:04  Probe  
  19  1:16  Probe  
  20  1:26  Zealot (Chrono Boost)  
  20  1:27  Cybernetics Core  
  22  1:34  Assimilator  
  22  1:37  Probe, Pylon  
  23  1:55  Probe  
  24  2:05  Nexus  
  24  2:11  Probe, Stalker (Chrono Boost)  
  27  2:16  Warp Gate  
  27  2:23  Probe  
  28  2:35  Pylon  
  28  2:37  Probe  
  28  2:41  Stalker  
  31  2:53  Probe  
  32  3:07  Robotics Facility  
  32  3:10  Probe (Chrono Boost)  
  33  3:13  Stalker  
  35  3:20  Probe (Chrono Boost)  
  37  3:28  Probe (Chrono Boost)  
  37  3:30  Probe (Chrono Boost), Gateway  
  37  3:32  Gateway  
  38  3:35  Probe x2 (Chrono Boost)  
  40  3:47  Probe (Chrono Boost)  
  42  3:53  Probe (Chrono Boost)  
  42  3:56  Observer  
  42  3:57  Probe (Chrono Boost)  
  42  4:02  Probe (Chrono Boost)  
  44  4:03  Probe  
  46  4:11  Pylon  
  46  4:13  Probe  
  46  4:15  Probe  
  48  4:19  Twilight Council  
  48  4:25  Probe, Pylon  
  48  4:27  Probe  
  48  4:28  Immortal (Chrono Boost)  
  50  4:34  Stalker x3  
  60  4:40  Probe x2  
  60  4:44  Assimilator  
  62  4:46  Assimilator  
  62  4:52  Probe  
  63  4:55  Probe  
  64  5:01  Charge (Chrono Boost)  
  64  5:04  Probe  
  65  5:37  Pylon  
  65  5:41  Gateway  
  65  5:43  Gateway x2  
  65  5:45  Gateway  
  65  5:47  Gateway  
  65  5:50  Gateway x2  
  65  6:03  Templar Archives  
  65  6:06  Observer  
  65  6:07  Pylon  
  65  6:09  Pylon  
  65  6:10  Pylon  
  65  6:12  Warp Prism (Chrono Boost)  
  65  6:14  Pylon  
  67  6:20  Zealot x3  
  73  6:36  Observer  
  73  6:42  Zealot x4  
  73  6:43  Zealot x4  
  89  7:06  Pylon  
  89  7:07  Pylon  
  89  7:09  Pylon  
  89  7:10  Observer, Pylon  
  89  7:12  Pylon  
  89  7:20  High Templar x5  
  89  7:21  High Templar x4  
  107  7:24  Archon  
  107  7:25  Archon x3  
  107  7:27  High Templar  
  109  7:30  Observer  
  109  7:35  Archon  
  109  7:59  Zealot x5  
  109  8:00  Zealot x5  
  119  8:24  Zealot x2  
  119  8:25  Zealot x8  
Show
View Real Time Build Order
Export as new Build Order

Shadow Protoss 

Build Orders: 1 Gate Expand 

Get SALT Encoding   

  12  0:03  Probe  
  13  0:15  Probe  
  14  0:34  Pylon  
  14  0:37  Probe  
  15  0:52  Probe  
  15  0:55  Gateway  
  16  1:00  Assimilator  
  16  1:03  Assimilator  
  16  1:04  Probe  
  17  1:15  Pylon  
  17  1:16  Probe  
  18  1:28  Probe  
  19  1:42  Nexus  
  19  1:53  Cybernetics Core  
  19  2:29  Stalker  
  21  2:33  Pylon  
  21  2:34  Warp Gate  
  21  2:37  Gateway  
  21  2:44  Pylon  
  21  2:53  Shield Battery  
  21  2:57  Probe x2  
  23  3:07  Sentry  
  23  3:10  Probe  
  26  3:22  Probe, Gateway  
  27  3:27  Probe  
  27  3:31  Sentry  
  30  3:34  Probe  
  31  3:41  Robotics Facility  
  31  3:43  Probe  
  31  3:47  Probe  
  33  4:02  Probe x2  
  35  4:09  Pylon  
  35  4:11  Stalker x2  
  35  4:14  Probe  
  40  4:31  Gateway  
  40  4:34  Observer  
  41  4:41  Stalker  
  43  4:47  Probe  
  44  4:54  Stalker x2  
  44  4:59  Probe  
  49  5:04  Forge  
  49  5:08  Observer, Pylon  
  50  5:18  Probe x2  
  52  5:23  Assimilator  
  52  5:26  Pylon  
  52  5:30  Probe x2  
  52  5:33  Immortal  
  58  5:44  Pylon  
  58  5:47  Nexus  
  58  5:50  Zealot  
  58  5:51  Zealot  
  62  6:03  Protoss Ground Weapons Level 1, Pylon  
  62  6:05  Probe x2  
  62  6:11  Assimilator  
  64  6:17  Probe  
  65  6:19  Twilight Council  
  65  6:22  Photon Cannon  
  65  6:24  Zealot  
  67  6:26  Zealot  
  67  6:28  Probe  
  67  6:30  Probe  
  71  6:35  Zealot  
  71  6:37  Zealot  
  75  6:42  Probe  
  75  6:43  Probe  
  77  6:54  Probe  
  77  7:00  Photon Cannon  
  78  7:03  Photon Cannon  
  78  7:06  Shield Battery  
  78  7:09  Probe  
  78  7:11  Probe x2  
  81  7:17  Observer  
  81  7:21  Probe  
  83  7:23  Probe x2, Forge  
  83  7:25  Charge (Chrono Boost), Pylon  
  85  7:33  Probe  
  85  7:35  Probe x2  
  88  7:42  Zealot x3  
  88  7:43  Sentry  
  96  7:45  Probe  
  96  7:47  Probe x2  
  97  8:13  Stalker  
  97  8:14  Stalker x2  
Tags
 
Add a new tag
Caveats
  • Supply blocks, unpowered buildings, or Contaminate may cause inaccurate times.
  • Supply counts are checked every 10 seconds.